Map: Deathaura LE

Players

JinairRogue (Rogue)

  • Race: Zerg Zerg
  • Spawn Location: 11:00

TYTY (TY) - Winner!

  • Race: Terran Terran
  • League: Grandmaster
  • Spawn Location: 5:00

Event: War Chest Team League

VOD

Have the link to the VOD?

Description

Time

  • Played on: Aug. 7, 2020, 9:02 a.m.
  • Length: 21:03

All games in this series

Show
View Real Time Build Order
Export as new Build Order

JinairRogue Zerg 

Build Orders: Hatch First, Muta Ling Bane 

Get SALT Encoding   

  12  0:00  Drone  
  13  0:13  Overlord  
  13  0:17  Drone  
  14  0:31  Drone x2  
  16  0:48  Hatchery  
  15  0:51  Drone  
  15  0:55  Drone  
  17  0:59  Drone  
  18  1:09  Extractor  
  17  1:15  Spawning Pool  
  17  1:18  Drone  
  17  1:21  Drone  
  18  1:28  Drone  
  19  1:40  Drone  
  20  1:51  Drone  
  21  2:01  Queen x2  
  21  2:04  Zergling x4  
  27  2:11  Overlord  
  27  2:13  Drone  
  27  2:14  Metabolic Boost  
  28  2:25  Overlord  
  28  2:30  Drone  
  28  2:34  Drone  
  29  2:37  Queen  
  29  2:40  Queen  
  29  2:42  Drone  
  34  2:46  Drone  
  34  2:47  Drone  
  36  2:56  Drone x2  
  38  3:04  Overlord  
  38  3:06  Drone  
  38  3:09  Drone x3  
  38  3:12  Drone  
  43  3:16  Lair  
  43  3:22  Extractor  
  43  3:25  Drone x3  
  43  3:26  Drone  
  46  3:29  Drone  
  47  3:37  Drone  
  48  3:42  Overlord  
  48  3:44  Drone  
  48  3:46  Drone x2  
  48  3:47  Queen, Extractor x2  
  51  3:58  Overlord  
  51  4:01  Hatchery  
  50  4:03  Drone x4  
  54  4:12  Drone  
  54  4:13  Drone, Baneling Nest  
  55  4:18  Spire  
  55  4:19  Drone  
  55  4:21  Overseer  
  55  4:26  Zergling x4  
  55  4:28  Zergling x4  
  59  4:32  Overlord  
  59  4:34  Drone  
  60  4:40  Spore Crawler  
  60  4:41  Drone  
  60  4:43  Spore Crawler  
  59  4:48  Drone x4  
  59  4:51  Drone x2  
  65  5:00  Zergling x8  
  61  5:29  Mutalisk, Drone x2  
  61  5:30  Mutalisk x6  
  61  5:31  Mutalisk  
  79  5:36  Drone  
  79  5:41  Drone x2  
  82  5:45  Overlord, Zerg Flyer Weapons Level 1  
  82  5:46  Overseer  
  82  5:47  Overlord, Extractor x2  
  80  5:52  Drone  
  80  5:56  Overlord  
  81  5:59  Drone  
  82  6:06  Centrifical Hooks  
  82  6:09  Mutalisk  
  83  6:14  Drone x6  
  83  6:15  Drone  
  83  6:17  Drone  
  83  6:21  Drone  
  83  6:23  Drone  
  83  6:29  Drone x4  
  87  6:34  Mutalisk x3  
  87  6:35  Overlord  
  87  6:39  Evolution Chamber, Drone x3  
  95  6:41  Overlord, Evolution Chamber  
  95  6:45  Drone  
  95  6:49  Drone  
  95  6:51  Overseer  
  96  6:59  Zergling x10  
  96  7:00  Hatchery  
  98  7:04  Zergling x8  
  102  7:14  Mutalisk x4  
  110  7:19  Zerg Ground Armor Level 1  
  110  7:21  Zerg Melee Weapons Level 1  
  110  7:22  Zergling x2  
  111  7:26  Zergling x2  
  111  7:27  Zergling x2  
  111  7:28  Zergling x8  
  117  7:30  Drone  
  117  7:34  Overlord x2  
  118  7:38  Zergling x8  
  118  7:41  Overlord  
  122  7:49  Overlord x2  
  122  7:54  Zergling x10  
  122  7:55  Baneling x9  
  122  7:56  Baneling  
  127  8:03  Zergling x2  
  127  8:04  Zergling x12  
  134  8:10  Zergling x4  
  130  8:18  Zergling x8  
  131  8:23  Zerg Flyer Weapons Level 2  
  131  8:31  Mutalisk x4  
  131  8:32  Mutalisk x3  
  140  8:37  Zergling x8  
  140  8:41  Zergling x4  
  141  8:52  Zergling x4  
  141  8:53  Zergling x8  
  147  9:02  Baneling x3  
  147  9:03  Baneling x16  
  147  9:07  Zergling x8  
  151  9:13  Zergling x2  
  151  9:14  Zergling x10  
  151  9:15  Zergling x2  
  157  9:24  Zergling x2  
  145  9:28  Zergling x10  
  126  9:35  Mutalisk  
  126  9:36  Mutalisk x4  
  125  9:38  Zergling x2  
  116  9:46  Zergling x14  
  116  9:48  Mutalisk  
  116  9:51  Mutalisk  
  127  9:56  Drone x5  
  132  10:04  Drone x6  
  138  10:11  Zerg Ground Armor Level 2  
  138  10:12  Extractor  
  137  10:16  Zerg Melee Weapons Level 2  
  137  10:22  Drone x3  
  137  10:24  Zergling x14, Overseer  
  145  10:29  Zergling x10  
  145  10:31  Zergling x2  
  144  10:38  Pneumatized Carapace, Baneling  
  144  10:39  Baneling x9  
  144  10:43  Spore Crawler  
  144  10:48  Infestation Pit  
  142  10:50  Drone  
  142  10:51  Drone x3  
  142  10:53  Zergling x6  
  142  10:56  Hatchery  
  148  10:59  Zergling x12  
  154  11:04  Zergling x6  
  154  11:05  Zergling x4  
  154  11:07  Overlord  
  142  11:19  Mutalisk x5  
  142  11:23  Baneling x11  
  152  11:26  Overlord  
  152  11:32  Hive  
  152  11:37  Zergling x6  
  155  11:42  Overseer x2  
  155  11:44  Zergling x10  
  160  11:48  Zergling x8  
  160  11:52  Hatchery  
  160  11:54  Overlord x2  
  163  11:56  Zerg Flyer Armor Level 1  
  163  11:57  Baneling  
  163  11:58  Baneling x3  
  163  12:00  Zergling x2  
  164  12:03  Drone x4  
  167  12:17  Zergling x6  
  167  12:18  Drone x4  
  167  12:21  Zergling x2  
  175  12:25  Baneling x6  
  175  12:29  Zergling x14  
  181  12:30  Overlord x3  
  181  12:34  Baneling x7  
  181  12:39  Overlord  
  181  12:44  Hatchery  
  181  12:48  Baneling  
  181  12:49  Baneling x14  
  181  12:50  Zergling x4  
  181  12:51  Zergling x12, Baneling  
  186  13:04  Zergling x6  
  186  13:05  Zergling x12  
  181  13:10  Zergling x2  
  164  13:15  Zergling x18  
  164  13:16  Zergling x6  
  164  13:19  Zergling x8, Ultralisk Cavern  
  170  13:24  Zerg Ground Armor Level 3  
  170  13:25  Zerg Melee Weapons Level 3  
  165  13:40  Mutalisk x5  
  174  13:41  Zergling x2  
  174  13:42  Zergling x8  
  174  13:46  Zergling x4  
  179  13:52  Zergling x2  
  179  13:53  Baneling  
  179  13:54  Baneling x6  
  176  14:01  Zergling x12  
  178  14:04  Hatchery  
  178  14:08  Chitinous Plating  
  171  14:11  Zergling x18  
  171  14:13  Baneling x4  
  171  14:15  Zergling x2  
  180  14:17  Zergling x2, Baneling  
  180  14:18  Baneling x6  
  180  14:21  Zergling x10  
  180  14:23  Baneling x3  
  180  14:27  Zergling x4  
  180  14:31  Zergling x12  
  185  14:34  Zergling x2  
  185  14:35  Zergling x2  
  181  14:42  Ultralisk  
  176  14:45  Zergling x2  
  176  14:46  Zergling x20  
  176  14:47  Zergling x2  
  176  14:52  Baneling  
  177  14:53  Baneling x7  
  177  14:57  Ultralisk  
  177  14:58  Zergling x2  
  179  15:00  Zergling x4  
  179  15:05  Zergling x8  
  180  15:13  Zergling x2  
  180  15:14  Zergling x14, Baneling x6  
  184  15:17  Zergling x4  
  184  15:19  Burrow  
  182  15:25  Zergling x12  
  182  15:26  Zergling x4  
  182  15:27  Anabolic Synthesis  
  190  15:29  Baneling x8  
  190  15:33  Zergling x6  
  190  15:34  Zergling x4  
  195  15:38  Drone x3  
  195  15:39  Drone  
  195  15:41  Zergling x4  
  200  15:45  Extractor  
  194  15:59  Zergling x2  
  189  16:08  Zergling x20  
  183  16:12  Zergling x2  
  183  16:13  Zergling x4  
  183  16:14  Overlord  
  184  16:18  Zergling x2  
  184  16:19  Zergling x2  
  184  16:21  Overlord x2  
  184  16:23  Zergling x2  
  184  16:24  Zergling x2  
  182  16:27  Overlord  
  182  16:28  Zergling x2  
  151  16:33  Ultralisk x5  
  151  16:37  Zergling x2  
  151  16:39  Baneling x13  
  162  16:40  Zergling x2  
  162  16:45  Zergling x10  
  156  16:47  Zergling x2  
  156  16:51  Zergling x6  
  157  16:55  Zergling x4  
  158  17:01  Zergling x2  
  158  17:02  Zergling x8  
  161  17:17  Hatchery  
  161  17:20  Ultralisk  
  164  17:31  Baneling x10  
  164  17:32  Zergling x2  
  164  17:33  Zergling x4  
  164  17:34  Zergling x2  
  168  17:38  Zergling x4  
  168  17:39  Zergling x2  
  168  17:42  Zergling x6  
  174  17:46  Zergling x4  
  152  18:02  Drone x2  
  152  18:05  Zergling x10  
  124  18:28  Zergling x16  
  120  18:43  Ultralisk x2  
  81  18:59  Ultralisk  
  87  19:05  Baneling x9  
  87  19:07  Zergling x2  
  88  19:10  Hatchery  
  87  19:19  Ultralisk  
  93  19:28  Ultralisk  
  99  19:33  Baneling x5  
  99  19:35  Zergling x2  
  99  19:36  Zergling x4  
  99  19:37  Zergling x2  
  103  19:44  Zergling x2  
  103  19:45  Zergling x2  
  105  19:52  Zergling x8  
  109  19:55  Zergling x2  
  109  19:56  Zergling x2  
  110  20:05  Zergling x8  
  98  20:18  Zergling x12  
  98  20:21  Baneling  
  84  20:28  Zergling x2  
  84  20:29  Zergling x2  
  84  20:31  Zergling x2  
  83  20:36  Zergling x6  
  83  20:40  Zergling x2  
Show
View Real Time Build Order
Export as new Build Order

TYTY Terran - Winner!

Build Orders: Liberator Opening, Reaper Expand 

Get SALT Encoding   

  12  0:00  SCV  
  13  0:12  SCV  
  14  0:17  Supply Depot  
  14  0:24  SCV  
  15  0:38  SCV  
  15  0:40  Barracks  
  16  0:43  Refinery  
  16  0:51  SCV  
  17  1:03  SCV  
  18  1:15  SCV  
  19  1:27  Reaper, Orbital Command  
  20  1:39  Command Center  
  20  1:46  Supply Depot  
  20  1:53  SCV  
  21  1:59  Marine  
  22  2:03  Factory  
  22  2:07  SCV  
  23  2:19  SCV  
  23  2:20  Barracks Reactor  
  24  2:31  SCV  
  25  2:39  Command Center  
  25  2:43  SCV  
  26  2:51  Orbital Command  
  26  2:55  SCV  
  27  3:00  Starport  
  27  3:05  Refinery  
  27  3:07  Hellion  
  27  3:09  SCV  
  30  3:14  Hellion  
  30  3:16  SCV  
  30  3:18  Marine  
  34  3:21  SCV  
  35  3:29  SCV  
  35  3:30  Hellion  
  35  3:33  SCV  
  39  3:35  Hellion  
  39  3:41  SCV  
  42  3:42  Liberator  
  42  3:45  SCV  
  45  3:53  SCV, Hellion  
  45  3:55  Supply Depot  
  49  3:56  Hellion  
  49  3:59  Orbital Command  
  49  4:01  Barracks Tech Lab  
  49  4:02  SCV  
  51  4:05  SCV  
  52  4:14  SCV, Hellion  
  55  4:17  SCV  
  55  4:18  Hellion  
  55  4:20  Stimpack  
  58  4:28  Starport Reactor, Barracks  
  58  4:31  SCV  
  59  4:32  SCV  
  59  4:33  SCV, Barracks  
  59  4:34  Marine  
  59  4:37  Orbital Command  
  62  4:43  SCV  
  62  4:44  SCV  
  64  4:45  Supply Depot  
  64  4:50  Factory Tech Lab  
  64  4:52  Engineering Bay, Marine  
  65  4:53  Engineering Bay  
  65  4:55  SCV  
  65  4:57  SCV  
  65  5:07  SCV  
  65  5:09  SCV, Marine  
  65  5:12  SCV, Siege Tank  
  70  5:19  SCV, Refinery  
  70  5:20  Starport Reactor  
  71  5:22  SCV  
  71  5:24  SCV  
  71  5:27  Marine x4  
  71  5:28  Marine  
  75  5:31  SCV, Terran Infantry Weapons Level 1, Terran Infantry Armor Level 1  
  75  5:34  SCV, Refinery  
  77  5:36  Refinery  
  72  5:45  Marine x4  
  72  5:47  Marine  
  72  5:49  Barracks x2  
  76  5:50  Supply Depot  
  76  5:51  Supply Depot  
  76  5:56  Supply Depot  
  76  5:57  Supply Depot  
  76  6:01  Missile Turret  
  76  6:03  Marine  
  77  6:08  Missile Turret  
  77  6:11  Marine x3  
  77  6:12  Siege Tank  
  77  6:18  Marine  
  74  6:19  SCV x2  
  74  6:20  SCV  
  74  6:21  Marine  
  74  6:22  Combat Shield  
  72  6:29  Marine x3  
  72  6:31  SCV x2, Medivac  
  72  6:32  SCV  
  78  6:34  Medivac  
  78  6:37  Marine x2  
  78  6:38  Missile Turret, Marine  
  82  6:44  SCV x3  
  82  6:45  Siege Tank  
  88  6:48  Marine x4  
  92  6:55  Marine  
  92  6:56  SCV x2  
  92  6:59  Marine x2  
  92  7:01  Medivac  
  100  7:04  Medivac  
  100  7:05  Marine  
  100  7:08  Supply Depot, Marine x3  
  102  7:09  Supply Depot x2  
  102  7:13  Marine  
  106  7:17  Marine  
  106  7:18  Marine  
  108  7:23  Marine  
  108  7:27  Armory  
  108  7:29  SCV x2, Marine, Siege Tank  
  115  7:30  Marine x2  
  115  7:34  Medivac  
  119  7:40  Supply Depot  
  119  7:42  Supply Depot  
  119  7:46  Barracks Reactor x2, SCV  
  119  7:47  SCV  
  119  7:48  Marine x3  
  121  7:53  Medivac, Marine x2  
  121  7:55  SCV  
  125  7:58  Command Center  
  125  7:59  SCV  
  126  8:05  Marine  
  126  8:06  Marine x2  
  126  8:11  Marine x2  
  129  8:15  Thor  
  129  8:16  SCV x2  
  135  8:23  Marine x2  
  135  8:24  Missile Turret, Marine x2  
  135  8:25  Marine  
  140  8:28  Marine  
  138  8:34  Marine  
  138  8:35  Marine  
  138  8:38  Medivac x2  
  142  8:41  Marine x2  
  142  8:42  Marine  
  142  8:43  Marine  
  142  8:47  SCV  
  142  8:48  SCV x2  
  147  8:50  Marine  
  147  8:52  Marine  
  147  8:55  Marine  
  147  8:57  Barracks Reactor  
  147  8:59  Marine x2, Terran Infantry Weapons Level 2  
  147  9:01  Marine  
  149  9:06  Terran Infantry Armor Level 2  
  149  9:07  Marine  
  149  9:08  Marine  
  149  9:09  Supply Depot  
  147  9:10  Supply Depot, Marine  
  147  9:13  Marine  
  149  9:17  Marine x2  
  149  9:18  Medivac  
  149  9:19  Marine  
  145  9:29  Marine x3  
  145  9:30  SCV  
  145  9:31  SCV  
  113  9:35  Marine  
  113  9:36  Marine x3  
  105  9:39  SCV  
  105  9:43  SCV  
  105  9:45  SCV  
  103  9:47  Marine x4  
  103  9:48  Marine  
  103  9:49  Thor  
  103  9:51  Missile Turret  
  103  9:52  SCV  
  102  9:53  Marine  
  102  9:54  Medivac x2  
  102  9:55  Marine x3  
  108  10:00  Refinery  
  108  10:05  Marine x3  
  107  10:07  Marine x2  
  107  10:08  Concussive Shells  
  107  10:10  Marine  
  107  10:12  Marine x2  
  112  10:16  SCV x2, Factory  
  112  10:17  Missile Turret  
  112  10:18  Barracks  
  112  10:20  Marine  
  115  10:22  Marine  
  115  10:25  SCV  
  115  10:27  Medivac  
  119  10:30  Marine x2  
  119  10:32  Planetary Fortress, Marine  
  119  10:35  Marine x2  
  123  10:38  Refinery, Widow Mine  
  123  10:39  Drilling Claws  
  123  10:40  SCV x3  
  123  10:42  Marine x2  
  129  10:43  Marine x2  
  129  10:44  Refinery, Missile Turret  
  132  10:54  SCV x3, Barracks x2  
  137  11:01  Marine x2  
  137  11:02  Marauder  
  139  11:09  Starport Reactor  
  139  11:10  Barracks Reactor  
  123  11:18  Marine x4  
  123  11:19  Marine  
  123  11:20  SCV x2  
  123  11:21  Factory Reactor  
  123  11:23  Marauder  
  123  11:24  Thor  
  123  11:25  Barracks Reactor  
  138  11:28  Command Center  
  138  11:29  Marine  
  138  11:31  Missile Turret x2  
  138  11:32  Missile Turret  
  139  11:35  SCV  
  139  11:36  SCV, Marine x3  
  145  11:40  Terran Infantry Weapons Level 3  
  145  11:43  Marine x2  
  145  11:44  Marauder  
  150  11:47  Medivac x2, Marine  
  150  11:48  Missile Turret  
  150  11:50  Missile Turret, Barracks Tech Lab x2  
  153  11:56  Sensor Tower  
  153  11:58  Marine  
  153  11:59  Marine x4  
  153  12:00  Marine  
  153  12:01  Marine, Widow Mine x2  
  164  12:08  Thor  
  164  12:11  Refinery  
  164  12:12  Marauder  
  172  12:19  Supply Depot, Marine x4  
  172  12:20  Marauder x2  
  180  12:39  Medivac x2, Marine x2  
  180  12:40  Marine x2, Widow Mine x2  
  180  12:42  Marauder x3  
  180  12:43  Marine x2  
  200  13:03  Marauder  
  193  13:08  Marauder, Marine x3  
  193  13:10  Marine  
  193  13:11  Marine  
  193  13:12  SCV x2, Widow Mine x2  
  188  13:15  Marine  
  188  13:16  Marine  
  188  13:17  Medivac x2, Marine  
  188  13:18  Marine x3  
  189  13:21  Widow Mine  
  189  13:24  Marine  
  189  13:25  Terran Infantry Armor Level 3  
  190  13:28  Orbital Command  
  190  13:33  Marine x7, Widow Mine  
  192  13:42  Widow Mine x2  
  192  13:48  SCV x2  
  187  13:51  SCV  
  187  13:52  Marauder, Marine x4  
  187  13:53  Marauder, Marine x2  
  188  14:00  SCV x2, Planetary Fortress, Marine x2  
  188  14:01  Marine  
  188  14:02  Marine  
  189  14:06  Marine  
  192  14:10  Marine  
  192  14:14  Missile Turret, Widow Mine  
  194  14:25  Marine  
  194  14:26  Marine  
  194  14:30  Marine x2  
  195  14:32  Widow Mine  
  195  14:34  Marine x2  
  195  14:37  Medivac  
  195  14:38  SCV x2  
  194  14:40  Medivac  
  194  14:42  Marine  
  194  14:43  Marauder, Marine  
  194  14:44  Marine  
  195  14:50  Widow Mine  
  186  14:54  SCV x2  
  186  14:59  Widow Mine x2  
  186  15:00  SCV x2  
  182  15:09  Marauder x2  
  186  15:15  Missile Turret  
  186  15:16  Missile Turret  
  186  15:17  Marauder  
  188  15:25  Marine x2  
  188  15:26  Marine x3  
  188  15:28  Marine  
  195  15:38  Widow Mine  
  195  15:41  Supply Depot  
  195  15:42  Supply Depot  
  195  15:45  Marauder  
  195  15:46  Widow Mine  
  195  15:47  Marauder x2  
  195  15:49  Marine  
  194  15:55  Marine  
  195  16:01  Marine x2  
  195  16:02  Marine x2  
  195  16:07  Marauder  
  195  16:10  Marine x6  
  190  16:11  Marauder  
  190  16:13  Marine, Widow Mine  
  192  16:18  Marine x2  
  192  16:20  Widow Mine x2  
  194  16:28  Marauder x2  
  194  16:32  Marine x3  
  161  16:34  Medivac x2  
  161  16:36  Marine x3  
  161  16:37  Marauder  
  161  16:38  Marine x3  
  168  16:41  Marine  
  169  16:49  Marauder, Marine  
  169  16:50  Marine  
  169  16:51  Marine x2  
  169  16:53  SCV  
  176  16:58  Marauder  
  179  17:07  Marauder  
  180  17:11  Marine x3  
  180  17:13  Marine  
  179  17:20  Supply Depot x2  
  179  17:40  Supply Depot  
  179  17:41  Widow Mine x3  
  181  17:54  Marine  
  181  17:55  Marauder x2  
  149  18:05  Marauder, Marine x2  
  138  18:15  Widow Mine x2  
  138  18:16  Marauder  
  138  18:19  Marauder, Marine x3  
  147  18:20  Marine x4  
  147  18:21  Marine  
  147  18:26  SCV x2  
  147  18:27  Marauder  
  147  18:37  Marauder  
  109  18:49  Marauder x2, Marine  
  109  18:51  Medivac x2  
  111  18:59  Marauder  
  111  19:00  Widow Mine x2  
  115  19:05  Widow Mine  
  115  19:09  Marine  
  118  19:10  Marauder x2, Marine  
  118  19:11  Orbital Command  
  121  19:20  Marauder  
  121  19:21  Medivac  
  125  19:25  Marine x2  
  125  19:32  Marine  
  126  19:38  Marine x2  
  126  19:44  Marauder  
  130  19:47  Marauder x2  
  130  19:48  Marine  
  135  19:54  Marine x2  
  135  19:55  Marine  
  138  20:05  Marauder  
  110  20:08  Marine  
  110  20:09  Marauder x2, Marine x2  
  110  20:12  Marine x3  
  105  20:15  Marine x3  
  105  20:19  Marine  
  107  20:22  Widow Mine x2  
  107  20:23  SCV, Widow Mine  
  107  20:27  Marauder  
  107  20:28  SCV x3  
  118  20:30  Marauder  
  118  20:31  Sensor Tower  
  111  20:40  Marine x5  
  111  20:41  Marine  
  110  20:46  SCV x3  
  110  20:48  Missile Turret  
Tags
 
Add a new tag
Caveats
  • Supply blocks, unpowered buildings, or Contaminate may cause inaccurate times.
  • Supply counts are checked every 10 seconds.